 Dungeon Crawl Stone Soup version 0.31.0-12-g77e489cdc1 (webtiles) character file.

Game seed: 7807946229734440165

886 Gadfly the Covered (level 7, -3/56 (58) HPs)
             Began as an Armataur Fighter on Mar 1, 2024.
             Slain by an ogre
             ... wielding a +0 giant spiked club
              (25 damage)
             ... on level 6 of the Dungeon.
             The game lasted 00:04:42 (5758 turns).

Gadfly the Covered (Armataur Fighter)               Turns: 5758, Time: 00:04:43

HP:   -3/56 (58)    AC: 10    Str: 21    XL:     7   Next: 76%
MP:   9/9           EV:  6    Int:  8    God:
Gold: 87            SH:  5    Dex: 12    Spells: 6/6 levels left

rFire   . . .        b - +2 dagger (venom)
rCold   . . .        c - +0 buckler
rNeg    . . .        n - +0 chain mail
rPois   .            (no helmet)
rElec   .            (no cloak)
rCorr   +            j - +0 pair of gloves
SInv    .            (no barding)
Will    .....        (no amulet) Stlth
                     l - ring of resist corrosion
HPRegen 0.29/turn    (no ring)
MPRegen 0.11/turn

%: roll
@: studying Shields, lightly drained
A: large, deformed body, tough skin 3, armoured tail, roll 2
a: no special abilities


You were on level 6 of the Dungeon.
You visited 1 branch of the dungeon, and saw 6 of its levels.

You collected 169 gold pieces.
You spent 82 gold pieces at shops.

Inventory:

Hand Weapons
 a - a +0 flail of freezing
 b - a +2 dagger of venom (weapon)
Armour
 c - a +0 buckler (worn)
 j - a +0 pair of gloves (worn)
 n - a +0 chain mail (worn)
Jewellery
 l - a ring of resist corrosion (left hand)
Scrolls
 e - a scroll of enchant weapon
 g - 3 scrolls of identify
 h - a scroll of brand weapon
 i - a scroll of teleportation
 k - a scroll of blinking
Potions
 d - a potion of might
 f - a potion of attraction


   Skills:
 + Level 3.8 Fighting
 * Level 4.1 Maces & Flails
 + Level 5.0 Armour
 + Level 4.7 Shields
 * Level 3.9 Invocations
 * Level 3.9 Evocations


You had 6 spell levels left.
You didn't know any spells.
Your spell library contained the following spells:

 Spells                   Type           Power      Damage    Failure   Level
 Summon Small Mammal      Summ           0%         N/A       98%         1
 Call Canine Familiar     Summ           0%         N/A       100%        3
 Summon Blazeheart Golem  Fire/Summ      0%         N/A       100%        4


Dungeon Overview and Level Annotations

Branches:
Dungeon (6/15)
 Temple: D:4-7

Altars:

Shops:
D:1 *   D:6 [


Innate Abilities, Weirdness & Mutations

Armour fits poorly on your strangely shaped body.
You have extremely tough skin. (AC +3)
You have a long armoured tail.
You regenerate magic and health when rolling toward enemies. (Rampage Regen)


Message History

You block the ogre's attack.
You hit the ogre.
The ogre looks as sick as possible!
The ogre is lightly wounded.
The ogre hits you with a +0 giant spiked club!
You barely miss the ogre.
The ogre is moderately wounded.
You hit the ogre.
The ogre looks as sick as possible!
The ogre is moderately wounded.
You block the ogre's attack.
A wight comes into view. It is wielding a +1 dagger of freezing.
You hit the ogre.
The ogre looks as sick as possible!
You tail-slap the ogre.
The ogre is severely wounded.
The ogre hits you with a +0 giant spiked club!!
You are too injured to fight recklessly!
You are too injured to fight recklessly!
You are too injured to fight recklessly!
You are too injured to fight recklessly!
You are too injured to fight recklessly!
You are too injured to fight recklessly!
You are too injured to fight recklessly!
You are too injured to fight recklessly!
You are too injured to fight recklessly!
You are too injured to fight recklessly!
You are too injured to fight recklessly!
You are too injured to fight recklessly!
You are too injured to fight recklessly!
Unknown command.
There is a stone staircase leading up here.
You climb upwards.
There is a stone staircase leading down here.
HP restored.
Done exploring.
You climb downwards.
The wight closely misses you.
The ogre hits you with a +0 giant spiked club!!
Ouch! That really hurt!
The wight hits you with a +1 dagger of freezing.
You feel drained. The wight freezes you.
There is a stone staircase leading up, spattered with blood here.
The ogre hits you with a +0 giant spiked club!!
You die...

.# .. .#
..##
########...#
#..........#
#.# #z#
##@## ###.O#
# +∩#..# #.
###..# #.#
###.# ..#
#.# #.# #.#
#.##.#
##.#.#


You could see an ogre and a wight.

Vanquished Creatures
  Grinder (D:3)
  A water moccasin (D:5)
  A black bear (D:5)
  A scorpion (D:4)
  A howler monkey (D:5)
  A bombardier beetle (D:3)
  4 hounds (D:5)
  A jelly (D:5)
  An iguana (D:5)
  A sleepcap (D:5)
  Terence (D:2)
  7 adders
  4 dart slugs
  6 orcs (D:5)
  7 ball pythons
  9 endoplasms
  3 giant cockroaches
  5 goblins
  A hobgoblin (D:2)
  3 quokkas
  A bat (D:3)
  2 frilled lizards (D:1)
  3 kobolds
  9 rats
74 creatures vanquished.

Notes
Turn   | Place    | Note
-------+----------+-------------------------------------------
     0 | D:1      | Gadfly the Armataur Fighter began the quest for the Orb.
     0 | D:1      | Reached XP level 1. HP: 18/18 MP: 1/1
   173 | D:1      | Found Tolaahas's Assorted Antiques.
   280 | D:1      | Reached XP level 2. HP: 17/25 MP: 2/2
   760 | D:1      | Bought a fuming red potion for 19 gold pieces
   760 | D:1      | Bought a smoky brown potion for 19 gold pieces
  1113 | D:2      | Reached skill level 1 in Invocations
  1113 | D:2      | Reached skill level 1 in Evocations
  1113 | D:2      | Reached XP level 3. HP: 24/30 MP: 3/3
  1389 | D:2      | Noticed Terence
  1397 | D:2      | Killed Terence
  1398 | D:2      | Reached skill level 4 in Armour
  1398 | D:2      | Reached XP level 4. HP: 37/37 MP: 3/5
  1522 | D:2      | Found a faded altar of an unknown god.
  2739 | D:3      | Noticed Grinder
  2744 | D:3      | Paralysed by Grinder for 4 turns
  2755 | D:3      | Paralysed by Grinder for 5 turns
  2765 | D:3      | HP: 1/38 [Grinder (2)]
  2766 | D:3      | Killed Grinder
  2767 | D:3      | Reached XP level 5. HP: 1/45 MP: 5/7
  2767 | D:3      | Reached XP level 6. HP: 1/51 MP: 5/8
  4401 | D:1      | Bought 2 scrolls labelled WEPAXT VEXUA for 44 gold pieces
  4510 | D:5      | Entered Level 5 of the Dungeon
  4521 | D:5      | Noticed a water moccasin
  4536 | D:5      | Killed a water moccasin
  4537 | D:5      | Gained mutation: You regenerate magic and health when
                  | rolling toward enemies. (Rampage Regen) [Armataur growth]
  4537 | D:5      | Reached XP level 7. HP: 6/57 MP: 9/9
  5238 | D:5      | Reached skill level 5 in Armour
  5633 | D:6      | Found Zaunn's Antique Armour Shop.
  5758 | D:6      | Slain by an ogre

Illustrated notes

Levels and vault maps discovered:
D:1:      lemuel_arrival_tunnels, layout_basic, serial_shops, shop,
          palyth_stone_intersect, minmay_misc_feat_pillars
D:2:      layout_basic, ebering_ecumenical_altar_abandoned, uniq_terence
D:3:      layout_basic, serial_rivers, chequers_serial_rivers_small_3,
          chequers_serial_rivers_micro_c, chequers_serial_rivers_small_a,
          chequers_serial_rivers_small_3, chequers_serial_rivers_micro_a,
          chequers_serial_rivers_small_3, uniq_grinder
D:4:      layout_loops_ring
D:5:      layout_basic, minmay_manual_monstrance
D:6:      layout_loops_ring, mainiacjoe_overflow_two_lobes,
          minmay_temple_entry_nine_rooms, serial_shops,
          nicolae_shop_real_fake_doors, nicolae_shop_window_shopping, shop,
          shop, minmay_misc_feat_ornament, minmay_statues_item,
          pf_guarded_unrand_woodcutter, uniq_edmund

Skill      XL: |  1  2  3  4  5  6  7 |
---------------+----------------------+-----
Maces & Flails | 2 3 4 |  4.1
Invocations    | 1 2 3 |  3.9
Evocations     | 1 2 3 |  3.9
Armour         | 4 5 |  5.0
Fighting       | 3 |  3.8
Shields        | 4 |  4.7

Action                     |  1- 3 |  4- 6 |  7- 9 || total
---------------------------+-------+-------+-------++-------
  Melee: Flail             |    63 |    93 |       ||   156
         Tailslap          |     2 |    11 |    17 ||    30
         Dagger            |       |    22 |   101 ||   123
    Use: Scroll            |     5 |     5 |     1 ||    11
         Potion            |       |     5 |     1 ||     6
 Armour: Scale mail        |    41 |    81 |       ||   122
         Chain mail        |       |     9 |    87 ||    96
  Dodge: Dodged            |    27 |    30 |    29 ||    86
  Block: Buckler           |     9 |    23 |    26 ||    58
